 Dungeon Crawl Stone Soup version 0.20-a0-739-g6bb112f (webtiles) character file.

26 nono the Ducker (level 3, 0/23 HPs)
             Began as a Kobold Abyssal Knight on Feb 24, 2017.
             Was a Follower of Lugonu.
             Slain by an adder (4 damage)
             ... on level 1 of the Dungeon.
             The game lasted 00:02:49 (524 turns).

nono the Ducker (Kobold Abyssal Knight)              Turns: 524, Time: 00:02:50

Health: 0/23       AC:  4    Str: 14    XL:     3   Next: 22%
Magic:  4/4        EV: 15    Int: 13    God:    Lugonu [*.....]
Gold:   11         SH:  0    Dex: 14    Spells: 2/2 levels left

rFire    . . .     SeeInvis .   r - +2 dagger (venom)
rCold    . . .     Gourm    .   b - +0 leather armour
rNeg     . . .     Faith    .   (shield restricted)
rPois    .         Spirit   .   (no helmet)
rElec    .         Reflect  .   o - +0 cloak
rCorr    .         Harm     .   (no gloves)
MR       .....                  (no boots)
Stlth    +.........             (no amulet)
Regen    0.1/turn               (no ring)
MPRegen  0.1/turn               l - +4 ring of strength

@: lethally poisoned (0 -> -2)
A: carnivore 3
a: Depart the Abyss, Renounce Religion


You were on level 1 of the Dungeon.
You worshipped Lugonu.
Lugonu was aware of your devotion.
You were not hungry.

You visited 1 branch of the dungeon, and saw 2 of its levels.
You visited the Abyss 1 time.

You collected 11 gold pieces.

Inventory:

Hand Weapons
 a - a +1 mace
 i - a +1 antimagic dagger
 m - a +0 whip
 r - a +2 dagger of venom (weapon)
Armour
 b - a +0 leather armour (worn)
 o - a +0 cloak (worn)
Jewellery
 l - a +4 ring of strength (left hand)
 n - an uncursed ring of fire
Scrolls
 f - a scroll of teleportation {unknown}
 g - 2 scrolls of identify {unknown}
 j - a scroll of magic mapping {unknown}
 k - a scroll of fog {unknown}
 p - a scroll of remove curse {unknown}
Potions
 e - a potion of might {unknown}
 h - a potion of lignification {unknown}
 q - a potion of brilliance {unknown}
Comestibles
 c - 3 meat rations


   Skills:
 - Level 3.2 Fighting
 + Level 2.5 Maces & Flails
 - Level 0.7 Armour
 + Level 3.3 Dodging
 - Level 2.0 Invocations


You had 2 spell levels left.
You didn't know any spells.

Dungeon Overview and Level Annotations

Branches:
Dungeon (2/15)

Altars:


Innate Abilities, Weirdness & Mutations

You are small and have problems with some larger weapons.
You are carnivorous and can eat meat at any time.


Message History

You are poisoned.
The adder poisons you!
You feel sick.
Found a stone staircase leading up.
The adder closely misses you.
Found 23 arrows.
You feel sick. The adder barely misses you.
You feel sick.
There is a stone staircase leading up here.
Okay, then.
The adder bites you.
* * * LOW HITPOINT WARNING * * *
The leopard gecko barely misses you. The adder closely misses you.
You climb upwards.
There is a stone staircase leading down here.
Unknown command.
It was a potion of cancellation.
You feel magically purged.
You feel sick. The adder bites you.
You die...

# ........#
#........# ........#
#........# ........#
#........# ........#
#........# ........#
#........# .......
#........#
.#..########........#
....)..........l@...#
.##.######.#...S....#
.##..#.....#.########
.###.#.....#.##### .#
#.............# .#
##............# .#
#............# .#
##...........#
.#####...........#


You could see an adder and a leopard gecko.

Vanquished Creatures
  2 giant cockroaches (D:1)
  4 goblins (D:1)
  2 hobgoblins
  5 kobolds (D:1)
  2 ball pythons (D:1)
  4 bats (D:1)
  3 frilled lizards
  3 rats (D:1)
25 creatures vanquished.

Notes
Turn   | Place    | Note
-------+----------+-------------------------------------------
     0 | Abyss:1  | nono the Kobold Abyssal Knight began the quest for the Orb.
     0 | Abyss:1  | Reached XP level 1. HP: 14/14 MP: 2/2
    39 | Abyss:1  | Noticed a wretched star
    41 | D:1      | Escaped the Abyss
   100 | D:1      | Reached XP level 2. HP: 17/19 MP: 3/3
   167 | D:1      | Reached * piety under Lugonu
   357 | D:1      | Reached XP level 3. HP: 23/23 MP: 4/4
   458 | D:1      | You fall through a shaft!
   524 | D:1      | Slain by an adder

Vault maps used:
D:1:      dpeg_arrival_simpleton_b, minmay_pentomino_v4
D:2:      grunt_temple_overflow_holy_war, elyvilon_altar_5, okawaru_gym_becter

Skill      XL: |  1  2 |
---------------+-------+-----
Maces & Flails | 2 |  2.5
Dodging        | 3 |  3.3
Fighting       | |  3.2
Armour         | |  0.7
Invocations    | |  2.0

Action                   || total
-------------------------++-------
Melee: Mace              ||    55
       Dagger            ||     2
Invok: Depart the Abyss  ||     1
  Use: Potion            ||     1
Armor: Leather armour    ||    11
Dodge: Dodged            ||    79
